 Dungeon Crawl Stone Soup version 0.23.2-1-ga50397a (webtiles) character file.

Game seed: 7293562332933110328

21 Iscandelvey the Vexing (level 2, 0/21 HPs)
             Began as a Demonspawn Arcane Marksman on Apr 19, 2019.
             Slain by a goblin (3 damage)
             ... on level 1 of the Dungeon.
             The game lasted 00:02:24 (948 turns).

Iscandelvey the Vexing (Demonspawn Arcane Marksman)  Turns: 948, Time: 00:02:26

Health: 0/21       AC:  2    Str: 10    XL:     2   Next: 65%
Magic:  0/3        EV: 12    Int: 14    God:
Gold:   17         SH:  0    Dex: 13    Spells: 0/3 levels left

rFire    . . .     SeeInvis .   j - +0 spear
rCold    . . .     Gourm    .   (no shield)
rNeg     . . .     Faith    .   e - +0 robe
rPois    .         Spirit   .   (no helmet)
rElec    .         Reflect  .   k - scarf {repulsion}
rCorr    .         Harm     .   (no gloves)
MR       .....                  (no boots)
Stlth    +.........             (no amulet)
HPRegen  0.07/turn              (no ring)
MPRegen  0.08/turn              (no ring)

@: very slightly contaminated, repel missiles
A: powered by pain 1
a: no special abilities


You were on level 1 of the Dungeon.
You were not hungry.

You visited 1 branch of the dungeon, and saw 2 of its levels.

You collected 17 gold pieces.

Inventory:

Hand Weapons
 a - a +0 hand crossbow
 i - a +0 club
 j - a +0 spear (weapon)
Missiles
 d - 34 bolts
 l - 10 stones (quivered)
Armour
 e - a +0 robe (worn)
 k - a scarf of repulsion (worn)
Scrolls
 b - a scroll of enchant armour {unknown}
 g - 2 scrolls of random uselessness {unknown}
Potions
 c - a potion of flight {unknown}
Comestibles
 f - 2 rations


   Skills:
 - Level 1.0 Fighting
 * Level 2.1 Crossbows
 + Level 2.0 Dodging
 + Level 1.1 Spellcasting
 - Level 3.4 Hexes


You couldn't memorise any spells.
You knew the following spells:

 Your Spells              Type           Power        Failure   Level  Hunger
a - Corona                Hex            ##.....      6%          1    ##.....
b - Slow                  Hex            ##......     10%         2    ###....

Your spell library contained the following spells:

 Spells                   Type           Power        Failure   Level  Hunger
 Inner Flame              Hex/Fire       #.......     36%         3    ####...
 Portal Projectile        Hex/Tloc       #.....       36%         3    ####...
 Cause Fear               Hex            ##........   52%         4    #####..
 Leda's Liquefaction      Hex/Erth       #.........   77%         4    #####..


Dungeon Overview and Level Annotations

Branches:
Dungeon (2/15)

Altars:


Innate Abilities, Weirdness & Mutations

You sometimes gain a little power by taking damage.


Message History

The kobold is severely wounded.
The kobold closely misses you. The goblin barely misses you.
You hit the kobold.
You kill the kobold!
The goblin barely misses you.
Casting: Slow (safe; 10% risk of failure)
Confirm with . or Enter, or press ? or * to list all spells.
Aiming: Slow (safe; 10% risk of failure)
Press: ? - help, Shift-Dir - straight line, f - goblin
Aim: a goblin (chance to defeat MR: 63%)
You miscast Slow.
You hear an indistinct dissonance whispering inside your mind.
The goblin hits you.
* * * LOW HITPOINT WARNING * * *
You see here a +0 whip.
Really walk into that teleport trap?
You enter a teleport trap!
The teleport trap disappears.
Your surroundings seem slightly different.
The goblin hits you.
You die...

...#*##.# #..####.#
#..#^##.# #..####.# ###
#..#d##.# ########## #..
#.#####.# #........# #.#
#.#^# #.# #######........#
#.# #.### #.#
#..............# #.# ..#^#
#.# #.....@........# #.#
.####
#.###......g#############.#
.#^#
#...........)>............#
.###
#.###.......###############
.#D# #.# #...........#
.######.# #....##.....#
...#D##.###....##.....#
########
##.####........##.....#
#.......
d#.#D##.....#####.....#
#.######


You could see a goblin.

Vanquished Creatures
  A dart slug (D:1)
  3 bats (D:1)
  2 goblins (D:1)
  2 hobgoblins (D:1)
  4 jackals (D:1)
  2 kobolds (D:1)
  A frilled lizard (D:1)
  A rat (D:1)
16 creatures vanquished.

Notes
Turn   | Place    | Note
-------+----------+-------------------------------------------
     0 | D:1      | Iscandelvey the Demonspawn Arcane Marksman began the quest
                  | for the Orb.
     0 | D:1      | Reached XP level 1. HP: 15/15 MP: 2/2
     0 | D:1      | Noticed a golden dragon
     2 | D:1      | Noticed an ice dragon
     4 | D:1      | Noticed an orb of fire
     5 | D:1      | Noticed an orb of fire
     7 | D:1      | Noticed a large abomination
     8 | D:1      | Noticed a red draconian
    10 | D:1      | Noticed an iron dragon
    12 | D:1      | Noticed a large abomination
    14 | D:1      | Noticed an iron dragon
    14 | D:1      | Noticed a green draconian
    16 | D:1      | Noticed an orb of fire
    16 | D:1      | Noticed a shadow dragon
    16 | D:1      | Noticed an iron dragon
    18 | D:1      | Noticed an ice dragon
    18 | D:1      | Noticed an ice dragon
   156 | D:1      | Gained mutation: You sometimes gain a little power by
                  | taking damage. [demonic ancestry]
   156 | D:1      | Reached XP level 2. HP: 21/21 MP: 3/3
   914 | D:1      | Learned a level 2 spell: Slow
   948 | D:1      | Slain by a goblin

Skill      XL: |  1  2 |
---------------+-------+-----
Crossbows      | 2 |  2.1
Dodging        | 2 |  2.0
Fighting       | |  1.0
Spellcasting   | |  1.1
Hexes          | |  3.4

Action                   || total
-------------------------++-------
Melee: Spear             ||    30
       Club              ||    14
 Fire: Hand crossbow     ||    13
 Stab: Sleeping          ||     2
Armor: Robe              ||     8
Dodge: Dodged            ||    46
